 Dungeon Crawl Stone Soup version 0.26.1-11-gd32895ea62 (webtiles) character file.

Game seed: 18210988836916163624

58 Almogavar the Magician (level 3, -1/24 HPs)
             Began as a Demonspawn Hedge Wizard on May 13, 2021.
             Killed from afar by a white imp (5 damage)
             ... with a puff of frost
             ... summoned by Natasha
             ... on level 2 of the Dungeon.
             The game lasted 00:05:39 (1810 turns).

Almogavar the Magician (Demonspawn Hedge Wizard)    Turns: 1810, Time: 00:05:40

Health: -1/24      AC:  2    Str: 10    XL:     3   Next: 76%
Magic:  0/8        EV: 12    Int: 18    God:
Gold:   26         SH:  0    Dex: 12    Spells: 8/9 levels left

rFire    . . .     SeeInvis .   a - +0 dagger
rCold    . . .     Faith    .   (no shield)
rNeg     . . .     Spirit   +   b - +0 robe
rPois    .         Reflect  .   c - +0 hat
rElec    .         Harm     .   (no cloak)
rCorr    .         Rampage  .   (no gloves)
Will     .....                  (no boots)
Stlth    ++........             (no amulet)
HPRegen  0.08/turn              (no ring)
MPRegen  0.11/turn              (no ring)

@: no status effects
A: magic shield, big brain 1
a: no special abilities


You were on level 2 of the Dungeon.
You visited 1 branch of the dungeon, and saw 2 of its levels.

You collected 26 gold pieces.

Inventory:

Hand Weapons
 a - a +0 dagger (weapon)
Armour
 b - a +0 robe (worn)
 c - a +0 hat (worn)
Scrolls
 e - a scroll of blinking
Potions
 d - a potion of resistance {unknown}
 f - a potion of mutation {unknown}


   Skills:
 + Level 0.1 Fighting
 + Level 2.0 Dodging
 + Level 2.1 Stealth
 + Level 3.9 Spellcasting
 + Level 1.8 Conjurations
 + Level 1.0 Summonings
 + Level 0.8 Translocations


You had 8 spell levels left.
You knew the following spells:

 Your Spells              Type           Power        Failure   Level
a - Magic Dart            Conj           40%          7%          1

Your spell library contained the following spells:

 Spells                   Type           Power        Failure   Level
 Call Imp                 Summ           7%           14%         2
 Blink                    Tloc           N/A          16%         2
 Slow                     Hex            3%           22%         2
 Conjure Flame            Conj/Fire      6%           30%         3
 Mephitic Cloud           Conj/Pois/Air  5%           34%         3


Dungeon Overview and Level Annotations

Branches:
Dungeon (2/15)

Altars:

Annotations:
D:2 Natasha


Innate Abilities, Weirdness & Mutations

When hurt, damage is shared between your health and your magic reserves.
You have an unusually large brain. (Int +2)


Message History

The white imp is lightly wounded.
The white imp barely misses you.
You hit the white imp.
The white imp is heavily wounded.
The white imp hits you but does no damage.
You hit the white imp but do no damage.
The white imp is heavily wounded.
Natasha wildly gestures.
Natasha shimmers violently.
The white imp grins evilly.
The white imp closely misses you.
You hit the white imp.
The white imp is severely wounded.
Natasha mumbles some strange words.
The white imp hits you. The white imp freezes you.
* * * LOW HITPOINT WARNING * * *
You hit the white imp but do no damage.
The white imp is severely wounded.
The white imp gestures at you. The puff of frost hits you.
You die...

####+ ..##. #.##.## #.#
..# #
#######.###.#5#5#..
...........@5hl....
############.#######.#..
........# #.#.. ..#
#.......####.#.###.#
+..........#.#.#.#.#
#......###.#.#...#.#
#......# #.#.#.###.#
#......# #.#.......#
###+######.###...>.#


You could see Natasha, a crimson imp (summoned), a white imp (summoned), a
shadow imp (summoned) and a frilled lizard.

Vanquished Creatures
  Natasha (D:2)
  3 dart slugs
  A giant cockroach (D:1)
  4 goblins (D:1)
  3 hobgoblins (D:1)
  3 kobolds (D:1)
  3 ball pythons (D:1)
  2 bats
  4 frilled lizards
  6 rats
30 creatures vanquished.

Notes
Turn   | Place    | Note
-------+----------+-------------------------------------------
     0 | D:1      | Almogavar the Demonspawn Hedge Wizard began the quest for
                  | the Orb.
     0 | D:1      | Reached XP level 1. HP: 13/13 MP: 4/4
   376 | D:1      | Gained mutation: When hurt, damage is shared between your
                  | health and your magic reserves. [demonic ancestry]
   376 | D:1      | Reached XP level 2. HP: 19/19 MP: 3/6
  1362 | D:2      | Gained mutation: You have an unusually large brain. (Int
                  | +2) [demonic ancestry]
  1362 | D:2      | Reached XP level 3. HP: 24/24 MP: 1/8
  1716 | D:2      | Noticed Natasha
  1722 | D:2      | Killed Natasha
  1797 | D:2      | Noticed Natasha
  1810 | D:2      | Killed from afar by a white imp

Illustrated notes

Levels and vault maps discovered:
D:1:      sevenhm_arrival_forest_fort_small_3, layout_basic, st_stairs_10,
          minmay_surrounded
D:2:      layout_basic, general_overflow_altar, grunt_decor_resistance,
          uniq_natasha

Skill      XL: |  1  2  3 |
---------------+----------+-----
Stealth        | 2 |  2.1
Dodging        | 2 |  2.0
Fighting       | |  0.1
Spellcasting   | |  3.9
Conjurations   | |  1.8
Summonings     | |  1.0
Translocations | |  0.8

Action                   || total
-------------------------++-------
Melee: Dagger            ||    44
       Short sword       ||     2
 Cast: Magic Dart        ||    63
  Use: Scroll            ||     2
Armor: Robe              ||     8
Dodge: Dodged            ||    25
